 Dungeon Crawl Stone Soup version 0.30-a0-585-g93115170b9 (webtiles) character file.

Game seed: 16578534227907033587

88 lunkers the Digger (level 5, -1/38 HPs)
             Began as a Meteoran Earth Elementalist on Jan 2, 2023.
             Was an Initiate of Sif Muna.
             Succumbed to an orc wizard's poison
             ... on level 3 of the Dungeon.
             The game lasted 00:01:21 (659 turns).

lunkers the Digger (Meteoran Earth Elementalist)     Turns: 659, Time: 00:01:21

Health: -1/38      AC:  2    Str:  9    XL:     5   Next: 9%
Magic:  10/11      EV: 12    Int: 18    God:    Sif Muna [......]
Gold:   130        SH:  0    Dex: 15    Spells: 5/11 levels left

rFire   . . .      SeeInvis .    (no weapon)
rCold   . . .      Faith    .    (no shield)
rNeg    . . .      Spirit   .    a - +0 robe
rPois   .          Reflect  .    (no helmet)
rElec   .          Harm     .    (no cloak)
rCorr   .          Rampage  .    (no gloves)
Will    .....                    (no boots)
Stlth   +                        (no amulet)
HPRegen 0.26/turn                (no ring)
MPRegen 0.12/turn                (no ring)

@: lethally poisoned (-1 -> -12), glowing
A: sense surroundings 1, otherworldly, glowing, explore regen
a: Renounce Religion


You were on level 3 of the Dungeon.
You worshipped Sif Muna.
Sif Muna was noncommittal.
You visited 1 branch of the dungeon, and saw 3 of its levels.

You collected 130 gold pieces.

Inventory:

Armour
 a - a +0 robe (worn)
Scrolls
 c - a scroll of torment {unknown}
 e - 3 scrolls of teleportation {unknown}
 f - 3 scrolls of acquirement {unknown}
 h - a scroll of silence {unknown}
Potions
 d - a potion of mutation {unknown}
 g - a potion of heal wounds {unknown}


   Skills:
 - Level 2.4 Dodging
 - Level 1.4 Stealth
 + Level 3.7 Spellcasting
 * Level 1.8 Conjurations
 - Level 1.2 Transmutations
 * Level 5.2 Earth Magic


You had 5 spell levels left.
You knew the following spells:

 Your Spells              Type           Power      Damage    Failure   Level
a - Sandblast             Erth           44%        2d11      1%          1
b - Passwall              Tmut/Erth      11%        N/A       6%          2
c - Stone Arrow           Conj/Erth      32%        3d9       11%         3

Your spell library contained the following spells:

 Spells                   Type           Power      Damage    Failure   Level
 Magic Dart               Conj           40%        1d5       7%          1
 Call Imp                 Summ           3%         N/A       22%         2
 Mephitic Cloud           Conj/Pois/Air  5%         N/A       34%         3
 Petrify                  Tmut/Erth      14%        N/A       38%         4


Dungeon Overview and Level Annotations

Branches:
Dungeon (3/15) Zot: 1119

Altars:
Sif Muna


Innate Abilities, Weirdness & Mutations

You passively map a small area around you.
You are easily found by Zot.
You glow in the dark.
You regain HP and MP as you explore.


Message History

Sif Muna accepts your kill.
Reactivating autopickup.
You feel a bit more experienced.
The orc shouts!
* * * LOW MAGIC WARNING * * *
You have reached level 5!
Aiming: Sandblast (safe; 1% risk of failure)
Press: ? - help, Q - select action, (/) - cycle Shift-Dir - straight line, f - orc
Aim: an orc, wielding a +0 flail (83% to hit)
The blast of sand hits the orc!
You kill the orc!
Sif Muna accepts your kill.
* * * LOW MAGIC WARNING * * *
The orc hits you with a +0 whip.
* * * LOW HITPOINT WARNING * * *
Aiming: Sandblast (safe; 1% risk of failure)
Press: ? - help, Q - select action, (/) - cycle Shift-Dir - straight line, f/p - orc
Aim: an orc, wielding a +0 flail (83% to hit)
The blast of sand hits the orc!
You kill the orc!
Sif Muna accepts your kill.
* * * LOW MAGIC WARNING * * *
Unknown command.
Aiming: Sandblast (safe; 1% risk of failure)
Press: ? - help, Q - select action, (/) - cycle Shift-Dir - straight line, f/p - orc
Aim: an orc, wielding a +0 flail (83% to hit)
The blast of sand hits the orc!
You kill the orc!
Sif Muna accepts your kill.
* * * LOW MAGIC WARNING * * *
Unknown command.
Magic courses through your body. Something hits you.
* * * LOW HITPOINT WARNING * * *
You are lethally poisoned!
Deactivating autopickup; reactivate with Ctrl-A.
Aiming: Sandblast (safe; 1% risk of failure)
Press: ? - help, Q - select action, (/) - cycle Shift-Dir - straight line, f/p - orc
Aim: an orc, wielding a +0 flail (83% to hit)
The blast of sand hits something!
You die...

, , , , ** , , ... , *
, .. ,* * .., * * , .,
, ,, , , * +
#####.#######* , *
,*......#.....######. *
* +
,................... *
# ######@#....#####.# *
#.######)#....# #.# *
,#..†...oo#....# #.# *
* #.....rl##....# #.#
,* , ...........#....#
#.#, *
...........#....# #.# ,
...........###'######.#
,
...........#..........#
* ,
...........##########.#
*,*


You could see 2 orcs, a frilled lizard and a rat.

Vanquished Creatures
  An orc wizard (D:3)
  2 adders (D:2)
  5 orcs (D:3)
  4 endoplasms (D:2)
  2 giant cockroaches
  4 goblins
  5 hobgoblins
  3 quokkas
  2 ball pythons (D:2)
  2 bats
  A frilled lizard (D:1)
  5 kobolds
36 creatures vanquished.

Notes
Turn   | Place    | Note
-------+----------+-------------------------------------------
     0 | D:1      | lunkers the Meteoran Earth Elementalist began the quest for
                  | the Orb.
     0 | D:1      | Reached XP level 1. HP: 14/14 MP: 5/5
   150 | D:1      | Reached XP level 2. HP: 20/20 MP: 3/6
   158 | D:1      | Reached skill level 4 in Earth Magic
   240 | D:2      | Found a shimmering blue altar of Sif Muna.
   249 | D:2      | Reached XP level 3. HP: 26/26 MP: 4/8
   253 | D:2      | Became a worshipper of Sif Muna the Loreminder
   346 | D:2      | Found a faded altar of an unknown god.
   416 | D:2      | Learned a level 2 spell: Passwall
   420 | D:2      | Learned a level 3 spell: Stone Arrow
   454 | D:2      | Reached XP level 4. HP: 33/33 MP: 8/10
   649 | D:3      | Reached skill level 1 in Conjurations
   652 | D:3      | Reached skill level 5 in Earth Magic
   655 | D:3      | Reached XP level 5. HP: 8/38 MP: 2/11
   659 | D:3      | Succumbed to an orc wizard's poison

Illustrated notes

Levels and vault maps discovered:
D:1:      minmay_arrival_doors, layout_basic
D:2:      layout_rooms, hellmonk_ecumenical_altar_crossroads, basic_altar
D:3:      layout_basic, uniq_natasha, uniq_sigmund, uniq_robin

Skill      XL: |  1  2  3  4 |
---------------+-------------+-----
Earth Magic    | 4 5 |  5.2
Spellcasting   | 3 |  3.7
Conjurations   | 1 |  1.8
Dodging        | |  2.4
Stealth        | |  1.4
Transmutations | |  1.2

Action                   |  1- 3 |  4- 6 || total
-------------------------+-------+-------++-------
Melee: Unarmed           |       |     1 ||     1
 Cast: Sandblast         |    28 |    17 ||    45
  Use: Potion            |       |     1 ||     1
Armor: Robe              |     1 |     5 ||     6
Dodge: Dodged            |       |     8 ||     8

Table legend: (Time is in decaauts)
 A = Elapsed time spent in this place.
 B = Non-inter-level travel time spent in this place.
 C = Inter-level travel time spent in this place.
 D = Time resting spent in this place.
 E = Time spent auto-exploring this place.
 F = Levels seen in this place.
 G = Mean time per level.
                   A        B        C        D        E       F      G
               +--------+--------+--------+--------+--------+-----+--------+
         Total |    680 |    628 |     52 |      0 |    462 |   3 |  226.7 |
       Dungeon |    680 |    628 |     52 |      0 |    462 |   3 |  226.7 |
               +--------+--------+--------+--------+--------+-----+--------+

Top non-repeatable levels by time:
     D:2: 381 daAuts
     D:1: 196 daAuts
     D:3: 102 daAuts
